 Dungeon Crawl Stone Soup version 0.23-a0-419-g0174fd8 (webtiles) character file.

1267 jerryfan the Skirmisher (level 8, -2/67 HPs)
             Began as a Gnoll Wanderer on Nov 12, 2018.
             Was a Believer of Nemelex Xobeh.
             Slain by an orc warrior
             ... wielding a +0 hand axe
              (18 damage)
             ... on level 6 of the Dungeon.
             The game lasted 00:16:30 (5267 turns).

jerryfan the Skirmisher (Gnoll Wanderer)            Turns: 5267, Time: 00:16:31

Health: -2/67      AC:  5    Str: 15    XL:     8   Next: 52%
Magic:  12/12      EV: 14    Int: 14    God:    Nemelex Xobeh [**....]
Gold:   374        SH:  0    Dex: 20    Spells: 13/13 levels left

rFire    . . .     SeeInvis +   s - +2 hand crossbow of Deasy {freeze, Dex+3}
rCold    . . .     Gourm    .   (no shield)
rNeg     . . .     Faith    .   e - +0 robe
rPois    .         Spirit   .   x - +1 helmet {SInv}
rElec    .         Reflect  .   (no cloak)
rCorr    .         Harm     .   v - +0 pair of gloves
MR       .....                  (no boots)
Stlth    +++.......             q - amulet of the acrobat
HPRegen  0.21/turn              (no ring)
MPRegen  0.13/turn              p - ring of wizardry

@: hasted, very quick
A: distributed training, fangs 1, strong nose
a: Renounce Religion


You were on level 6 of the Dungeon.
You worshipped Nemelex Xobeh.
Nemelex Xobeh was pleased with you.
You were not hungry.

You visited 1 branch of the dungeon, and saw 6 of its levels.

You collected 374 gold pieces.

Inventory:

Hand Weapons
 f - a +0 dagger
 l - a +1 short sword
 s - the +2 hand crossbow of Deasy (weapon) {freeze, Dex+3}
   (You found it on level 5 of the Dungeon)

   It causes projectiles fired from it to freeze those they strike, causing
   extra injury to most foes and up to half again as much damage against
   particularly susceptible opponents.
   They can also slow down cold-blooded creatures.
   It affects your dexterity (+3).
 D - a +1 rapier of protection
Missiles
 w - 42 bolts (quivered)
 C - a throwing net
Armour
 e - a +0 robe (worn)
 v - a +0 pair of gloves (worn)
 x - a +1 helmet of see invisible (worn)
Jewellery
 a - an uncursed ring of teleportation
 i - an uncursed ring of ice
 p - a ring of wizardry (right hand)
 q - an amulet of the acrobat (around neck)
Wands
 b - a wand of scattershot (1)
 d - a wand of random effects (11)
 y - a wand of acid (6)
Scrolls
 j - 3 scrolls of remove curse
 z - a scroll of teleportation {unknown}
Potions
 c - a potion of lignification
 h - 2 potions of agility {unknown}
 k - a potion of haste
 m - a potion of might {unknown}
 n - 2 potions of brilliance {unknown}
 o - a potion of degeneration {unknown}
 r - a potion of curing
 t - a potion of cancellation {unknown}
 u - a potion of flight {unknown}
 B - a potion of experience {unknown}
Comestibles
 g - 11 rations
 A - 6 chunks of flesh


   Skills:
 + Level 7.4 Fighting
 + Level 3.3 Short Blades
 + Level 5.7 Long Blades
 + Level 3.3 Axes
 + Level 3.3 Maces & Flails
 + Level 3.3 Polearms
 + Level 3.3 Staves
 + Level 3.3 Slings
 + Level 3.3 Bows
 + Level 3.3 Crossbows
 + Level 3.3 Throwing
 + Level 3.3 Armour
 + Level 3.3 Dodging
 + Level 4.1 Stealth
 + Level 3.3 Shields
 + Level 5.7 Unarmed Combat
 + Level 3.3 Spellcasting
 + Level 2.6 Conjurations
 + Level 2.6 Hexes
 + Level 2.6 Charms
 + Level 2.6 Summonings
 + Level 2.6 Necromancy
 + Level 2.6 Translocations
 + Level 2.6 Transmutations
 + Level 2.6 Fire Magic
 + Level 2.6 Ice Magic
 + Level 2.6 Air Magic
 + Level 2.6 Earth Magic
 + Level 2.6 Poison Magic
 + Level 3.6 Invocations
 + Level 5.7 Evocations


You had 13 spell levels left.
You didn't know any spells.
Your spell library was empty.

Dungeon Overview and Level Annotations

Branches:
Dungeon (6/15)
 Temple: D:4-7

Altars:
Dithmenos
Elyvilon
Gozag
Kikubaaqudgha
Nemelex Xobeh
Vehumet

Shops:
D:5 (

Annotations:
D:2 exclusion: door, Crazy Yiuf


Innate Abilities, Weirdness & Mutations

Your experience applies equally to all skills.
You have very sharp teeth.
Your uncanny sense of smell can sniff out nearby items.


Message History

The bolt hits the orc warrior!
The bolt freezes the orc warrior.
The orc warrior is severely wounded.
You hear a shout!
The orc warrior closely misses you.
The orc priest mumbles some strange prayers to Beogh against you.
Beogh smites you!
The orc warrior hits you with a +0 hand axe!
You are too injured to fight recklessly!
Firing (i - inventory. (/) - cycle)
w - 43 bolts (quivered)
Press: ? - help, Shift-Dir - straight line, f/p - orc warrior
Aim: an orc warrior, wielding a +0 hand axe and wearing a +0 chain mail You shoot a bolt.
The bolt hits the orc warrior but does no damage.
The orc warrior is severely wounded.
The orc warrior hits you with a +0 hand axe!
* * * LOW HITPOINT WARNING * * *
It was a potion of haste.
You feel yourself speed up.
The orc warrior hits you with a +0 hand axe!!
You die...
Your body disappears without a glow.

#..h #..###..... #...#
###..###..... #((.#
#............ #o(.#
#.#..###..... ##.o.#
#.#..........
#####.((.###.#....###...
.(.....(.....#.....####.
#...(..o...........# #.
###.(@...<.......# #.
#.#)#######...## #.
...#)# #..## #. ###.#.#
#h.# #.#.# #..######
##.#.# #........ ##....#
##..######
###....(######...####
$.........h.........#


You could see an orc warrior, an orc priest and an orc.

Vanquished Creatures
  Menkaure (D:5)
  An orc warrior (D:6)
  2 sky beasts
  A black bear (D:6)
  An ogre (D:4)
  A centaur (D:6)
  A bullfrog (D:6)
  A scorpion (D:5)
  2 vampire bats (D:3)
  A hound (D:6)
  An orc priest (D:5)
  2 orc wizards (D:6)
  Jessica (D:2)
  3 worker ants
  A hound zombie (D:5)
  3 gnolls (D:4)
  5 adders
  An adder zombie (D:5)
  2 adder skeletons (D:4)
  2 worms (D:2)
  2 dart slugs
  5 leopard geckos
  6 orcs
  19 bats
  7 giant cockroaches
  8 goblins
  3 hobgoblins
  6 jackals
  4 kobolds
  A quokka (D:4)
  3 ball pythons
  4 frilled lizards
  A giant cockroach zombie (D:6)
  A leopard gecko skeleton (D:5)
  9 rats
112 creatures vanquished.

Vanquished Creatures (collateral kills)
  A worm (D:3)
  A hobgoblin (D:3)
  A jackal (D:3)
  2 bats (D:3)
  A frilled lizard (D:3)
6 creatures vanquished.

Grand Total: 118 creatures vanquished

Notes
Turn   | Place    | Note
-------+----------+-------------------------------------------
     0 | D:1      | jerryfan the Gnoll Wanderer began the quest for the Orb.
     0 | D:1      | jerryfan set off with the following items: a potion of heal
                  | wounds, a potion of berserk rage, a potion of
                  | lignification, a wand of random effects (15), a +0 robe, a
                  | +0 dagger, a ration
     0 | D:1      | Reached XP level 1. HP: 23/23 MP: 3/3
   227 | D:1      | Reached XP level 2. HP: 27/29 MP: 5/5
   945 | D:1      | Reached XP level 3. HP: 35/35 MP: 6/6
  1148 | D:2      | Found a sparkling altar of Nemelex Xobeh.
  1296 | D:2      | Became a worshipper of Nemelex Xobeh the Trickster
  1336 | D:2      | Noticed Jessica
  1338 | D:2      | Killed Jessica
  1338 | D:2      | Reached skill level 1 in Short Blades
  1338 | D:2      | Reached skill level 1 in Axes
  1338 | D:2      | Reached skill level 1 in Maces & Flails
  1338 | D:2      | Reached skill level 1 in Polearms
  1338 | D:2      | Reached skill level 1 in Staves
  1338 | D:2      | Reached skill level 1 in Slings
  1338 | D:2      | Reached skill level 1 in Bows
  1338 | D:2      | Reached skill level 1 in Crossbows
  1338 | D:2      | Reached skill level 1 in Throwing
  1338 | D:2      | Reached skill level 1 in Armour
  1338 | D:2      | Reached skill level 1 in Dodging
  1338 | D:2      | Reached skill level 1 in Shields
  1338 | D:2      | Reached skill level 1 in Spellcasting
  1338 | D:2      | Reached skill level 1 in Invocations
  1338 | D:2      | Reached XP level 4. HP: 41/41 MP: 7/7
  1410 | D:2      | Noticed Terence
  1414 | D:2      | Received a gift from Nemelex Xobeh
  1432 | D:2      | Noticed Terence
  1432 | D:2      | Terence changed into Terence the bat
  1433 | D:2      | Killed Terence the bat
  1469 | D:2      | Found an ancient bone altar of Kikubaaqudgha.
  1931 | D:2      | Found a runed door.
  1935 | D:2      | Noticed Crazy Yiuf
  2084 | D:2      | Reached skill level 1 in Conjurations
  2084 | D:2      | Reached skill level 1 in Hexes
  2084 | D:2      | Reached skill level 1 in Charms
  2084 | D:2      | Reached skill level 1 in Summonings
  2084 | D:2      | Reached skill level 1 in Necromancy
  2084 | D:2      | Reached skill level 1 in Translocations
  2084 | D:2      | Reached skill level 1 in Transmutations
  2084 | D:2      | Reached skill level 1 in Fire Magic
  2084 | D:2      | Reached skill level 1 in Ice Magic
  2084 | D:2      | Reached skill level 1 in Air Magic
  2084 | D:2      | Reached skill level 1 in Earth Magic
  2084 | D:2      | Reached skill level 1 in Poison Magic
  2585 | D:3      | Reached XP level 5. HP: 37/47 MP: 8/8
  2948 | D:3      | Reached * piety under Nemelex Xobeh
  3002 | D:3      | Found a shadowy altar of Dithmenos.
  3876 | D:4      | You fall through a shaft for 2 floors!
  3876 | D:6      | Noticed a black bear
  3888 | D:5      | Entered Level 5 of the Dungeon
  3896 | D:5      | Found Gunauwex's Antique Weapon Boutique.
  3905 | D:5      | Reached XP level 6. HP: 53/53 MP: 9/9
  3933 | D:5      | Got a brightly glowing hand crossbow
  3934 | D:5      | Identified the +2 hand crossbow of Deasy {freeze, Dex+3}
                  | (You found it on level 5 of the Dungeon)
  3986 | D:5      | Found a white marble altar of Elyvilon.
  3997 | D:5      | Found an opulent altar of Gozag.
  4004 | D:5      | Noticed a sky beast
  4075 | D:5      | Noticed Menkaure
  4077 | D:5      | Killed Menkaure
  4077 | D:5      | Reached skill level 5 in Long Blades
  4077 | D:5      | Reached skill level 5 in Unarmed Combat
  4077 | D:5      | Reached skill level 5 in Evocations
  4092 | D:5      | Reached XP level 7. HP: 12/59 MP: 10/10
  4094 | D:5      | Reached skill level 7 in Fighting
  4451 | D:4      | Found a radiant altar of Vehumet.
  4952 | D:5      | Reached ** piety under Nemelex Xobeh
  5142 | D:6      | Reached XP level 8. HP: 49/67 MP: 12/12
  5267 | D:6      | Slain by an orc warrior

Vault maps used:
D:1:      scummos_arrival_simple_crosswalls
D:2:      kiku_gazebo_pond_becter, nemelex_xobeh_ov_fountains_minmay,
          kennysheep_generic_room_11, uniq_jessica, uniq_terence,
          uniq_crazy_yiuf_cottage
D:3:      first_ration, roderic_batcave, grunt_dithmenos_smoke_and_mirrors
D:4:      old_standard_altar, portal_sewer_entry_e
D:5:      nicolae_gozag_seed_capital, serial_shops, shop, elyvilon_altar_5,
          uniq_menkaure
D:6:      nicolae_qazlal_style_of_elements, lemuel_round_altar,
          minmay_temple_entry_nine_rooms, guppyfry_shop_venom

Skill      XL: |  1  2  3  4  5  6  7  8 |
---------------+-------------------------+-----
Short Blades   | 1 2 3 |  3.3
Axes           | 1 2 3 |  3.3
Maces & Flails | 1 2 3 |  3.3
Polearms       | 1 2 3 |  3.3
Staves         | 1 2 3 |  3.3
Slings         | 1 2 3 |  3.3
Bows           | 1 2 3 |  3.3
Crossbows      | 1 2 3 |  3.3
Throwing       | 1 2 3 |  3.3
Armour         | 1 2 3 |  3.3
Dodging        | 1 2 3 |  3.3
Shields        | 1 2 3 |  3.3
Spellcasting   | 1 2 3 |  3.3
Invocations    | 1 2 3 |  3.6
Conjurations   | 1 2 |  2.6
Hexes          | 1 2 |  2.6
Charms         | 1 2 |  2.6
Summonings     | 1 2 |  2.6
Necromancy     | 1 2 |  2.6
Translocations | 1 2 |  2.6
Transmutations | 1 2 |  2.6
Fire Magic     | 1 2 |  2.6
Ice Magic      | 1 2 |  2.6
Air Magic      | 1 2 |  2.6
Earth Magic    | 1 2 |  2.6
Poison Magic   | 1 2 |  2.6
Stealth        | 3 4 |  4.1
Long Blades    | 5 |  5.7
Unarmed Combat | 5 |  5.7
Evocations     | 5 |  5.7
Fighting       | 7 |  7.4

Action                   |  1- 3 |  4- 6 |  7- 9 || total
-------------------------+-------+-------+-------++-------
Melee: Dagger            |   123 |       |       ||   123
       Bite              |    15 |    11 |     4 ||    30
       Punch             |     1 |       |       ||     1
       Short sword       |     1 |   165 |    40 ||   206
       Rapier            |       |       |     2 ||     2
 Fire: Hand crossbow     |       |       |    64 ||    64
Evoke: Wand              |     3 |     4 |     3 ||    10
       Deck              |       |     8 |       ||     8
  Use: Potion            |     1 |     1 |     1 ||     3
       Scroll            |     5 |     2 |     4 ||    11
 Stab: Sleeping          |     6 |     4 |     2 ||    12
       Confused          |     1 |       |       ||     1
       Distracted        |       |     1 |       ||     1
  Eat: Chunk             |     1 |     8 |     5 ||    14
Armor: Robe              |    29 |    76 |     8 ||   113
Dodge: Dodged            |    54 |   234 |    43 ||   331

Table legend:
 A = Non-vault XP
 B = Vault XP
 C = Vault XP percentage of total XP
 D = Non-vault monster count
 E = Vault monster count
 F = Vault count percentage of total count
                 A         B        C        D         E       F
            +---------+---------+-------+---------+---------+-------
      Total |    1459 |     351 |  19.4 |     103 |      15 |  12.7
            +---------+---------+-------+---------+---------+-------
        D:1 |      41 |       0 |   0.0 |      24 |       0 |   0.0
        D:2 |      49 |      55 |  52.9 |      19 |       4 |  17.4
        D:3 |      41 |     120 |  74.5 |      21 |       9 |  30.0
        D:4 |     294 |       0 |   0.0 |      15 |       0 |   0.0
        D:5 |     316 |     175 |  35.6 |      14 |       1 |   6.7
        D:6 |     718 |       1 |   0.1 |      10 |       1 |   9.1
            +---------+---------+-------+---------+---------+-------
